 Dungeon Crawl Stone Soup version 0.24.0-2-g5b39cebb1c (webtiles) character file.

Game seed: 11842292295147599770, levelgen mode: deterministic

13820 Amplified the Protected (level 11, 0/99 HPs)
             Began as a Minotaur Summoner on Oct 29, 2019.
             Was a Priest of Ru.
             Slain by a freezing wraith (3 damage)
             ... led by a death knight
             ... on level 11 of the Dungeon.
             The game lasted 00:18:18 (11454 turns).

Amplified the Protected (Minotaur Summoner)        Turns: 11454, Time: 00:18:18

Health: 0/99       AC: 24    Str: 21    XL:     11   Next: 80%
Magic:  12/12      EV: 12    Int: 12    God:    Ru [***...]
Gold:   511        SH:  4    Dex: 11    Spells: 11/12 levels left

rFire    + + .     SeeInvis +   s - +12 quarterstaff of the Undead {flame, *Rage rN+ SInv}
rCold    + . .     Gourm    .   (shield currently unavailable)
rNeg     + . .     Faith    .   l - +3 chain mail {rPois}
rPois    +         Spirit   .   (helmet restricted)
rElec    +         Reflect  +   I - +0 cloak (curse)
rCorr    +         Harm     .   k - +1 pair of gloves
MR       .....     Rnd*Rage +   o - +0 pair of boots
Stlth    ..........             f - +4 amulet of reflection
HPRegen  0.26/turn              j - ring of protection from fire
MPRegen  0.13/turn              y - ring of protection from magic

@: mighty, exhausted, resistant, vulnerable, berserk cooldown, studying Air
Magic, lightly drained
A: retaliatory headbutt, horns 2, icy blue scales 1, molten scales 1, wild magic
1, inability to use devices, no fire magic, no summoning magic, no
transmutations magic
a: Draw Out Power, Renounce Religion


You were on level 11 of the Dungeon.
You worshipped Ru.
Ru was most pleased with you.
You were not hungry.

You visited 1 branch of the dungeon, and saw 11 of its levels.
You also visited: Bailey.

You collected 767 gold pieces.
You spent 256 gold pieces at shops.

Inventory:

Hand Weapons
 h - a +0 whip
 n - a +2 falchion of holy wrath
 s - the +12 quarterstaff of the Undead (weapon) {flame, *Rage rN+ SInv}
   (You took it off an orc on level 6 of the Dungeon)

   It has been specially enchanted to burn those struck by it, causing extra
   injury to most foes and up to half again as much damage against particularly
   susceptible opponents.
   It protects you from negative energy.
   It lets you see invisible.
   It may make you go berserk in combat.
 B - a +0 great sword of venom
Missiles
 d - 58 poisoned darts (quivered)
 z - a throwing net
Armour
 k - a +1 pair of gloves (worn)
 l - a +3 chain mail of poison resistance (worn)
 o - a +0 pair of boots (worn)
 x - a +0 shield of poison resistance
 F - a +1 buckler of protection
 I - a cursed +0 cloak (worn)
Jewellery
 f - a +4 amulet of reflection (around neck)
 j - a ring of protection from fire (left hand)
 q - a cursed amulet of the acrobat
 t - an uncursed ring of positive energy
 y - a ring of protection from magic (right hand)
 C - a +3 ring of strength
Wands
 b - a wand of random effects (11)
 u - a wand of flame (16)
Scrolls
 i - 5 scrolls of fog
 p - 6 scrolls of remove curse
 w - a scroll of brand weapon
Potions
 g - a potion of might
 m - 6 potions of curing
 r - a potion of resistance
 v - a potion of mutation
 A - a potion of cancellation
 D - a potion of berserk rage
 E - a potion of degeneration {unknown}
 H - a potion of flight {unknown}
Books
 e - a manual of Air Magic
Comestibles
 c - 19 rations


   Skills:
 * Level 10.1 Fighting
 * Level 9.9 Long Blades
 - Level 0.8 Maces & Flails
 * Level 8.5(8.4) Throwing
 * Level 10.2 Armour
 * Level 9.7 Dodging
 - Level 1.5 Stealth
 - Level 1.3 Spellcasting
 * Level 2.6(2.5) Air Magic


You had 11 spell levels left.
You knew the following spells:

 Your Spells              Type           Power        Failure   Level  Hunger
a - Summon Small Mammal   Summ           #...         92%         1    ##.....

Your spell library contained the following spells:

 Spells                   Type           Power        Failure   Level  Hunger
 Magic Dart               Conj           #...         92%         1    ##.....
 Blink                    Tloc           N/A          98%         2    ###....
 Searing Ray              Conj           #.....       98%         2    ###....
 Slow                     Hex            #.......     98%         2    ###....
 Mephitic Cloud           Conj/Pois/Air  #.......     99%         3    ####...
 Dazzling Spray           Conj/Hex       #.....       100%        3    ####...
 Force Lance              Conj/Tloc      #.......     100%        4    #####..
 Fulminant Prism          Conj/Hex       #.........   100%        4    #####..
 Iskenderun's Mystic Bla  Conj           #.......     100%        4    #####..
 Call Imp                 Summ           Unusable     N/A         2    N/A
 Call Canine Familiar     Summ           Unusable     N/A         3    N/A
 Conjure Flame            Conj/Fire      Unusable     N/A         3    N/A
 Summon Guardian Golem    Hex/Summ       Unusable     N/A         3    N/A
 Summon Ice Beast         Ice/Summ       Unusable     N/A         4    N/A
 Summon Lightning Spire   Summ/Air       Unusable     N/A         4    N/A

Dungeon Overview and Level Annotations

Branches:
Dungeon (11/15)            Temple (0/1) D:5            Lair (0/6) D:9
 Bailey (visited)
    Orc: D:9-12

Altars:
Ashenzari
Dithmenos
Fedhas
Hepliaklqana
Nemelex Xobeh
Okawaru
Ru
Trog
Uskayaw
Vehumet
Xom
Zin

Shops:
D:10 *

Annotations:
D:4 2 transporters, Pikel


Innate Abilities, Weirdness & Mutations

You reflexively headbutt those who attack you in melee.
You have a pair of horns on your head.
You cannot study or use magical devices.
You cannot study or cast Fire magic.
You cannot study or cast Summoning magic.
You cannot study or cast Transmutations magic.
You are partially covered in icy blue scales. (AC +2)
You are partially covered in molten scales. (AC +2)
Your spells are a little harder to cast, but a little more powerful.


Message History

The phantasmal warrior barely misses you.
The freezing wraith hits you.
* * * LOW HITPOINT WARNING * * *
The freezing wraith freezes you! You resist.
* * * LOW HITPOINT WARNING * * *
You focus your will and blind the freezing wraith in retribution!
The freezing wraith hits you but does no damage.
Unknown command.
You feel very mighty all of a sudden.
The phantasmal warrior barely misses you.
You block the freezing wraith's attack.
The freezing wraith hits you but does no damage.
Unknown command.
Unknown command.
Unknown command.
You bludgeon the freezing wraith!! You burn the freezing wraith!
The freezing wraith is heavily damaged.
The phantasmal warrior is stunned by your will and fails to attack.
The freezing wraith hits you.
You die...

#.##.# #.##.#############
###############................#
..................>###########.#
######.#......####.# #.....# #.#
..............####.# #.###.# #.#
.................#.# #.# #.# #.#
..............##W#.###5# #.# #.#
..............##@#..5..# #.# #.#
..............##W#######
#.###.## ..............##>#...<#
#.#....# ..............##.#.#
#.##.### ........########'#'####
#....# ........#.............#
###### ######.##.............#
#.##.............#
#.##.............#


You could see a phantasmal warrior (blind) and a freezing wraith (blind).

Vanquished Creatures
  Harold (D:9)
  A death knight (D:11)
  8 death yaks (D:9)
  A phantasmal warrior (D:11)
  An ugly thing (D:11)
  Maurice (D:10)
  A centaur skeleton (D:10)
  A slime creature (D:9)
  A hippogriff (D:9)
  Sigmund (D:5)
  A wyvern (D:11)
  2 steam dragons (D:8)
  Menkaure (D:3)
  2 water moccasins (D:10)
  Duvessa (D:7)
  An ice beast (D:9)
  4 orc warriors
  3 sky beasts
  2 black bears (D:6)
  3 phantoms
  6 ogres
  6 centaurs
  3 bullfrogs
  Dowan (D:7)
  20 killer bees
  4 howler monkeys
  7 wights
  2 centaur zombies
  2 crimson imps
  3 hounds
  A quasit (D:9)
  A bullfrog skeleton (D:6)
  7 orc priests
  7 orc wizards
  Ijyb (D:4)
  5 iguanas
  3 worker ants
  A killer bee zombie (D:9)
  A hound zombie (D:7)
  2 hound skeletons
  A worker ant zombie (D:7)
  11 adders
  3 gnolls (D:8)
  3 oozes
  3 adder skeletons
  An adder zombie (D:8)
  3 worms
  3 dart slugs
  3 leopard geckos
  59 orcs
  5 giant cockroaches
  11 goblins
  8 hobgoblins
  9 kobolds
  7 quokkas
  2 ball pythons
  14 bats
  5 frilled lizards
  A leopard gecko skeleton (D:4)
  6 rats
278 creatures vanquished.

Vanquished Creatures (collateral kills)
  A leopard gecko (D:2)
  A frilled lizard (D:2)
2 creatures vanquished.

Vanquished Creatures (others)
  A wight (D:7)
  An orc (D:11)
2 creatures vanquished.

Grand Total: 282 creatures vanquished

Notes
Turn   | Place    | Note
-------+----------+-------------------------------------------
     0 | D:1      | Amplified the Minotaur Summoner began the quest for the
                  | Orb.
     0 | D:1      | Reached XP level 1. HP: 14/14 MP: 1/1
   447 | D:2      | Reached skill level 1 in Fighting
   447 | D:2      | Reached skill level 1 in Armour
   447 | D:2      | Reached XP level 2. HP: 8/23 MP: 0/3
  1144 | D:2      | Reached XP level 3. HP: 27/28 MP: 4/4
  1810 | D:3      | Found a bloodstained altar of Trog.
  1812 | D:3      | Found a faded altar of an unknown god.
  1824 | D:3      | Became a worshipper of Ru the Awakened
  1904 | D:3      | Found a blossoming altar of Fedhas.
  1974 | D:3      | Found a shimmering altar of Xom.
  1975 | D:3      | Found a hazy altar of Hepliaklqana.
  1975 | D:3      | Noticed a yak
  1977 | D:3      | Noticed a yak
  1977 | D:3      | Noticed a spectral ugly thing
  2133 | D:3      | Reached skill level 1 in Throwing
  2224 | D:1      | Reached XP level 4. HP: 36/36 MP: 5/5
  2963 | D:4      | Noticed Pikel
  2963 | D:4      | Noticed a slave
  2963 | D:4      | Noticed a slave
  2964 | D:4      | Noticed a slave
  3013 | D:4      | Found a shadowy altar of Dithmenos.
  3013 | D:4      | Noticed a phantom
  3018 | D:4      | Noticed Menkaure
  3022 | D:4      | Noticed a phantom
  3038 | D:3      | Killed Menkaure
  3038 | D:3      | Reached skill level 1 in Long Blades
  3038 | D:3      | Reached XP level 5. HP: 36/44 MP: 6/6
  3069 | D:3      | Killed a phantom
  3069 | D:3      | Reached XP level 6. HP: 44/51 MP: 7/7
  3613 | D:4      | Found a transporter.
  3613 | D:4      | Found a transporter.
  3637 | D:4      | Noticed Ijyb
  3648 | D:5      | Entered Level 5 of the Dungeon
  3817 | D:5      | Reached XP level 7. HP: 57/58 MP: 8/8
  4034 | D:5      | Found a sparkling altar of Nemelex Xobeh.
  4034 | D:5      | Found a radiant altar of Vehumet.
  4037 | D:5      | Noticed Sigmund
  4047 | D:5      | Gained mutation: Your spells are a little harder to cast,
                  | but a little more powerful. [potion of mutation]
  4047 | D:5      | Gained mutation: You are partially covered in molten
                  | scales. (AC +2) [potion of mutation]
  4047 | D:5      | Gained mutation: You are partially covered in icy blue
                  | scales. (AC +2) [potion of mutation]
  4118 | D:6      | Reached skill level 5 in Dodging
  4554 | D:6      | Found a shattered altar of Ashenzari.
  4587 | D:5      | Killed Sigmund
  4587 | D:5      | Reached skill level 5 in Fighting
  4587 | D:5      | Reached skill level 5 in Armour
  4587 | D:5      | Reached XP level 8. HP: 60/68 MP: 9/9
  4812 | D:4      | Killed Ijyb
  6158 | D:5      | Found a staircase to the Ecumenical Temple.
  6225 | D:6      | Identified the +12 quarterstaff of the Undead {flame, *Rage
                  | rN+ SInv}
  6262 | D:6      | Reached skill level 5 in Long Blades
  6411 | D:6      | Reached XP level 9. HP: 72/75 MP: 10/10
  6607 | D:6      | Reached skill level 5 in Throwing
  6636 | D:6      | Found a glowing silver altar of Zin.
  6744 | D:7      | Found a bloodstained altar of Trog.
  6795 | D:7      | Gained mutation: You cannot study or use magical devices.
                  | [Ru sacrifice]
  6795 | D:7      | Reached * piety under Ru
  6795 | D:7      | Reached ** piety under Ru
  6853 | D:7      | Noticed Duvessa
  6854 | D:7      | Noticed Dowan
  6867 | D:7      | Killed Duvessa
  6870 | D:7      | Killed Dowan
  6928 | D:7      | Found an iron altar of Okawaru.
  8482 | D:9      | Noticed Harold
  8501 | D:9      | Killed Harold
  8501 | D:9      | Reached XP level 10. HP: 88/88 MP: 11/11
  8791 | D:9      | Found a hide-covered altar of Uskayaw.
  8901 | D:9      | Gained mutation: You cannot study or cast Fire magic. [Ru
                  | sacrifice]
  8901 | D:9      | Gained mutation: You cannot study or cast Transmutations
                  | magic. [Ru sacrifice]
  8901 | D:9      | Gained mutation: You cannot study or cast Summoning magic.
                  | [Ru sacrifice]
  8901 | D:9      | Reached *** piety under Ru
  8905 | D:9      | Noticed a death yak
  8906 | D:9      | Noticed a death yak
  8906 | D:9      | Noticed a death yak
  8906 | D:9      | Noticed a death yak
  8907 | D:9      | Noticed a death yak
  8907 | D:9      | Noticed a death yak
  8908 | D:9      | Noticed a death yak
  8908 | D:9      | Noticed a death yak
  8913 | D:9      | Killed a death yak
  8916 | D:9      | Killed a death yak
  8920 | D:9      | Killed a death yak
  8924 | D:9      | Killed a death yak
  8974 | D:9      | Reached XP level 11. HP: 82/97 MP: 12/12
  8999 | D:9      | Found a staircase to the Lair.
  9021 | D:9      | Killed a death yak
  9030 | D:9      | Killed a death yak
  9339 | D:9      | Killed a death yak
  9345 | D:9      | Killed a death yak
  9508 | D:10     | Entered Level 10 of the Dungeon
  9552 | D:10     | Found Nuw Ziov's Serpentskin Sales.
  9572 | D:10     | Bought a +0 shield of poison resistance for 119 gold pieces
  9634 | D:10     | Found a flagged portal.
  9672 | D:10     | Bought a +0 great sword of venom for 137 gold pieces
  9693 | Bailey   | Entered a bailey
 10122 | Bailey   | Identified a scroll of acquirement
 10128 | Bailey   | Noticed an orc knight
 10128 | Bailey   | Noticed an orc knight
 10129 | Bailey   | Noticed an orc knight
 10715 | D:10     | Reached skill level 1 in Air Magic
 10729 | D:10     | Noticed Maurice
 10736 | D:10     | Killed Maurice
 11077 | D:11     | Noticed a green ugly thing
 11085 | D:11     | Killed a green ugly thing
 11159 | D:11     | Reached skill level 10 in Armour
 11164 | D:11     | Reached skill level 10 in Fighting
 11228 | D:11     | Noticed a death knight
 11229 | D:11     | Noticed a phantasmal warrior
 11229 | D:11     | Noticed a phantasmal warrior
 11442 | D:11     | Killed a death knight
 11450 | D:11     | Killed a phantasmal warrior
 11452 | D:11     | HP: 2/99 [freezing wraith[a death knight] (7)]
 11454 | D:11     | Slain by a freezing wraith

Levels and vault maps discovered:
D:1:      lightli_arrival_statue_moat, layout_loops_ring
D:2:      cheibrodos_helix_gallery, layout_loops_ring
D:3:      layout_basic, regret_index_temple_of_mockery, fedhas_ov_isle_minmay,
          bloody_trog, first_ration, chequers_ecumenical_altar_simple_redux
D:4:      gammafunk_steamed_eel, layout_basic, nicolae_dithmenos_shadow_blocks,
          minmay_misc_feat_ornament, uniq_menkaure, uniq_pikel, uniq_ijyb
D:5:      layout_rooms, chequers_temple_overflow_statue_of_worship,
          minmay_temple_entry_poolview, serial_curves, eino_curves_01,
          eino_curves_01, feat_on_display, uniq_sigmund
D:6:      layout_loops_ring, nicolae_overflow_crystal_walls, zin_statuary,
          hangedman_decor_opposing
D:7:      kennysheep_six_static_rooms, layout_cave_pools, old_standard_altar,
          basic_altar, uniq_duvessa
D:8:      kennysheep_steamy, layout_basic, grunt_ogre_cave
D:9:      layout_loops_ring, kennysheep_little_box, dpeg_lair_monsters,
          minmay_checkerbox, uniq_harold
D:10:     layout_irregular_city, enter_bailey_3, guppyfry_shop_venom,
          uniq_maurice
D:11:     layout_basic

Skill      XL: |  1  2  3  4  5  6  7  8  9 10 11 |
---------------+----------------------------------+-----
Fighting       | 1 2 3 5 6 7 9 10 | 10.1
Armour         | 1 2 3 5 6 7 9 10 | 10.2
Dodging        | 3 4 5 6 7 8 9 |  9.7
Throwing       | 1 2 3 4 6 7 8 |  8.5
Long Blades    | 1 2 4 5 7 8 9 |  9.9
Summonings     | 0 |  0.0
Air Magic      | 2 |  2.6
Maces & Flails | |  0.8
Stealth        | |  1.5
Spellcasting   | |  1.3

Action                   |  1- 3 |  4- 6 |  7- 9 | 10-12 || total
-------------------------+-------+-------+-------+-------++-------
Melee: Unarmed           |    94 |       |       |       ||    94
       Headbutt          |    14 |    14 |    42 |    29 ||    99
       Whip              |    37 |    26 |       |       ||    63
       Falchion          |       |    64 |   184 |       ||   248
       Quarterstaff      |       |       |   152 |   246 ||   398
Throw: Dart              |     6 |    15 |    49 |       ||    70
 Cast: Summon Small Mamm |     6 |       |       |       ||     6
Invok: Reject Sacrifices |     1 |       |       |     1 ||     2
       Sacrifice Artific |       |       |     1 |       ||     1
       Sacrifice Arcana  |       |       |       |     1 ||     1
       Draw Out Power    |       |       |       |     2 ||     2
  Use: Scroll            |     4 |     4 |     9 |    12 ||    29
       Potion            |       |     1 |     3 |     8 ||    12
 Stab: Sleeping          |     2 |       |       |       ||     2
       Distracted        |       |       |       |     1 ||     1
  Eat: Chunk             |     4 |     2 |    15 |     7 ||    28
       Ration            |       |     1 |       |     1 ||     2
Armor: Robe              |     8 |       |       |       ||     8
       Scale mail        |    40 |    16 |    24 |       ||    80
       Skin              |       |    18 |       |       ||    18
       Chain mail        |       |       |   183 |   166 ||   349
Dodge: Dodged            |    81 |    33 |   169 |   203 ||   486
Block: Other             |    12 |    18 |    63 |    61 ||   154
       Reflection        |       |       |     6 |     1 ||     7
       Rpst.: Falchion   |       |     6 |    15 |       ||    21
